TOP OF THE 1ST |
University of Minnesota Golden Gophers batting - Pitching for Coastal Carolina University Chanticleers : LHP Elijah Mangrum
|
Pitching: LHP Elijah Mangrum
|
|
Batting: RHB Tatsuyoshi Ikeda
|
0-0: Ball 1-0: Swinging Strike 1-1: Foul Ball, location: 2F 1-2: Ball 2-2: Foul Ball, location: 2F 2-2: Ball 3-2: Base on Balls
|
Batting: LHB Alex Villa
|
0-0: Ball Tatsuyoshi Ikeda steals 2nd base 1-0: Ball 2-0: Ball 3-0: Called Strike 3-1: Fly out, F7 (Flyball, 7, EV 88.8 MPH)
|
Batting: LHB Dick Shafer
|
0-0: Called Strike Tatsuyoshi Ikeda steals 3rd base 0-1: Ground out 4-3 (Groundball, 4, EV 83.1 MPH) Tatsuyoshi Ikeda scores
|
Batting: RHB Ron Gooch
|
0-0: Called Strike 0-1: Ball 1-1: Ball 2-1: Ground out 2-3 (Groundball, 2L, EV 63.1 MPH)
|
Top of the 1st over - 1 run, 0 hits, 0 errors, 0 left on base; University of Minnesota 1 - Coastal Carolina University 0 |
BOTTOM OF THE 1ST |
Coastal Carolina University Chanticleers batting - Pitching for University of Minnesota Golden Gophers : RHP Jin Guan
|
Pitching: RHP Jin Guan
|
|
Batting: RHB Tatsunori Ishigaki
|
0-0: Ball 1-0: Ball 2-0: Ball 3-0: Base on Balls
|
Batting: RHB Mark Tart
|
0-0: Called Strike 0-1: Ball 1-1: Called Strike Tatsunori Ishigaki steals 2nd base 1-2: Foul Ball, location: 2F 1-2: DOUBLE (Line Drive, 89D, EV 99.4 MPH) Tatsunori Ishigaki scores
|
Batting: RHB Dennis Bennett
|
0-0: Called Strike 0-1: Foul Ball, location: 2F 0-2: Ball 1-2: Ball 2-2: Strikes out looking
|
Batting: RHB Tristan Walsh
|
0-0: Ball 1-0: Called Strike Mark Tart steals 3rd base 1-1: Ball 2-1: Foul Ball, location: 2F 2-2: Ball 3-2: Fly out, F8 (Flyball, 8RXD, EV 98.1 MPH) Runner from 3rd tags up, SCORES, no throw by CF
|
Batting: RHB Chris Marcellus
|
0-0: Ball 1-0: Swinging Strike 1-1: Fly out, F7 (Flyball, 78S, EV 79.4 MPH)
|
Bottom of the 1st over - 2 runs, 1 hit, 0 errors, 0 left on base; University of Minnesota 1 - Coastal Carolina University 2 |
TOP OF THE 2ND |
University of Minnesota Golden Gophers batting - Pitching for Coastal Carolina University Chanticleers : LHP Elijah Mangrum
|
Batting: SHB Chris Rodgers
|
0-0: Ball 1-0: Fly out, F9 (Flyball, 9LD, EV 96.9 MPH)
|
Batting: RHB Jose Garrido
|
0-0: Ball 1-0: Foul Ball, location: 2F 1-1: Fly out, F8 (Line Drive, 8RM, EV 105.0 MPH)
|
Batting: RHB Jason Mooris
|
0-0: Foul Ball, location: 2F 0-1: Ball 1-1: Called Strike 1-2: Ground out 6-3 (Groundball, 6, EV 79.4 MPH)
|
Top of the 2nd over - 0 runs, 0 hits, 0 errors, 0 left on base; University of Minnesota 1 - Coastal Carolina University 2 |
BOTTOM OF THE 2ND |
Coastal Carolina University Chanticleers batting - Pitching for University of Minnesota Golden Gophers : RHP Jin Guan
|
Batting: RHB Oscar Hernandez
|
0-0: Called Strike 0-1: SINGLE (Groundball, 4MD, EV 98.8 MPH)
|
Batting: SHB Iher Waithaka
|
0-0: Called Strike 0-1: Foul Ball, location: 2F 0-2: Ball 1-2: Strikes out looking
|
Batting: RHB Rene Napoles
|
0-0: Foul Ball, location: 2F 0-1: Ball 1-1: Grounds into double play, 6-4-3 (Groundball, 6, EV 79.4 MPH)
|
Bottom of the 2nd over - 0 runs, 1 hit, 0 errors, 0 left on base; University of Minnesota 1 - Coastal Carolina University 2 |
TOP OF THE 3RD |
University of Minnesota Golden Gophers batting - Pitching for Coastal Carolina University Chanticleers : LHP Elijah Mangrum
|
Batting: LHB Constant Consalvi
|
0-0: Ball 1-0: Ground out 5-3 (Groundball, 56S, EV 91.2 MPH)
|
Batting: RHB Toshio Saiki
|
0-0: Called Strike 0-1: Ball 1-1: Ball 2-1: Ball 3-1: Base on Balls
|
Batting: RHB Tatsuyoshi Ikeda
|
0-0: Ball 1-0: Called Strike 1-1: Foul Ball, location: 2F 1-2: Ball 2-2: Fielders Choice at 2nd, 5-4 (Groundball, 56, EV 103.8 MPH)
|
Batting: LHB Alex Villa
|
0-0: Ground out U3 (Groundball, 3L, EV 95.0 MPH)
|
Top of the 3rd over - 0 runs, 0 hits, 0 errors, 1 left on base; University of Minnesota 1 - Coastal Carolina University 2 |
BOTTOM OF THE 3RD |
Coastal Carolina University Chanticleers batting - Pitching for University of Minnesota Golden Gophers : RHP Jin Guan
|
Batting: RHB Gabe Bravo
|
0-0: Ball 1-0: Ball 2-0: Foul Ball, location: 2F 2-1: Ground out 6-3 (Groundball, 56, EV 83.8 MPH)
|
Batting: RHB Tatsunori Ishigaki
|
0-0: Swinging Strike 0-1: Swinging Strike 0-2: Ball 1-2: Foul Ball, location: 2F 1-2: Ball 2-2: SINGLE (Groundball, 4MS, EV 64.4 MPH) (infield hit)
|
Batting: RHB Mark Tart
|
0-0: Called Strike Tatsunori Ishigaki steals 2nd base 0-1: Ball 1-1: Ball 2-1: Ball 3-1: Base on Balls
|
Batting: RHB Dennis Bennett
|
0-0: Ball 1-0: Fly out, F8 (Line Drive, 8LM, EV 88.8 MPH)
|
Batting: RHB Tristan Walsh
|
0-0: Foul Ball, location: 2F 0-1: Ball 1-1: DOUBLE (Line Drive, 78M, EV 90.0 MPH) Tatsunori Ishigaki scores Mark Tart to third
|
Batting: RHB Chris Marcellus
|
0-0: Called Strike 0-1: Ball 1-1: Ground out 6-3 (Groundball, 56, EV 104.4 MPH)
|
Bottom of the 3rd over - 1 run, 2 hits, 0 errors, 2 left on base; University of Minnesota 1 - Coastal Carolina University 3 |
TOP OF THE 4TH |
University of Minnesota Golden Gophers batting - Pitching for Coastal Carolina University Chanticleers : LHP Elijah Mangrum
|
Batting: LHB Dick Shafer
|
0-0: Ball 1-0: Called Strike 1-1: Ground out 4-3 (Groundball, 4, EV 78.1 MPH)
|
Batting: RHB Ron Gooch
|
0-0: Ball 1-0: Ball 2-0: Ball 3-0: Called Strike 3-1: Base on Balls
|
Batting: SHB Chris Rodgers
|
0-0: Ball 1-0: Ball 2-0: Foul Ball, location: 2F 2-1: Ball 3-1: Base on Balls Ron Gooch to second
|
Batting: RHB Jose Garrido
|
0-0: Ball 1-0: Fly out, F4 (Popup, 34S, EV 74.4 MPH)
|
Batting: RHB Jason Mooris
|
0-0: Ball 1-0: Ball 2-0: Called Strike 2-1: Fielders Choice at 2nd, 6-4 (Groundball, 6, EV 81.9 MPH)
|
Top of the 4th over - 0 runs, 0 hits, 0 errors, 2 left on base; University of Minnesota 1 - Coastal Carolina University 3 |
BOTTOM OF THE 4TH |
Coastal Carolina University Chanticleers batting - Pitching for University of Minnesota Golden Gophers : RHP Jin Guan
|
Pitching: RHP Luis Ibarra
|
|
Batting: RHB Oscar Hernandez
|
0-0: Called Strike 0-1: Fly out, F9 (Flyball, 9, EV 86.2 MPH)
|
Batting: SHB Iher Waithaka
|
0-0: Called Strike 0-1: Foul Ball, location: 2F 0-2: Ball 1-2: Strikes out swinging
|
Batting: RHB Rene Napoles
|
0-0: Ball 1-0: Ball 2-0: Ball 3-0: Base on Balls
|
Batting: RHB Gabe Bravo
|
0-0: Ball Rene Napoles steals 2nd base 1-0: Swinging Strike 1-1: Ball 2-1: Foul Ball, location: 2F 2-2: Strikes out swinging
|
Bottom of the 4th over - 0 runs, 0 hits, 0 errors, 1 left on base; University of Minnesota 1 - Coastal Carolina University 3 |
TOP OF THE 5TH |
University of Minnesota Golden Gophers batting - Pitching for Coastal Carolina University Chanticleers : LHP Elijah Mangrum
|
Now at C: Fernando Tovar
|
|
Now at 1B: Justin Klein
|
|
Now at 2B: Ferri Casteleijn
|
|
Now in CF: Justin Sanders
|
|
Now in RF: Chris McDaniel
|
|
Batting: LHB Constant Consalvi
|
0-0: Called Strike 0-1: Fly out, F7 (Flyball, 7S, EV 81.2 MPH)
|
Batting: RHB Toshio Saiki
|
0-0: Ball 1-0: Ball 2-0: Ball 3-0: Base on Balls
|
Batting: RHB Tatsuyoshi Ikeda
|
0-0: Ball 1-0: Ball 2-0: Ball 3-0: Called Strike 3-1: Called Strike 3-2: Base on Balls Toshio Saiki to second
|
Pitching: RHP Danny Wood
|
|
Batting: LHB Alex Villa
|
0-0: SINGLE (Groundball, 6MD, EV 109.4 MPH) Toshio Saiki to third Tatsuyoshi Ikeda to second
|
Pinch Hitting: RHB Roy Evenden
|
0-0: Foul Ball, location: 2F 0-1: Fielders Choice at 2nd, 3-6 (Groundball, 34S, EV 83.1 MPH) Toshio Saiki scores Tatsuyoshi Ikeda to third
|
Batting: RHB Ron Gooch
|
0-0: Fly out, F4 (Line Drive, 4, EV 65.0 MPH)
|
Top of the 5th over - 1 run, 1 hit, 0 errors, 2 left on base; University of Minnesota 2 - Coastal Carolina University 3 |
BOTTOM OF THE 5TH |
Coastal Carolina University Chanticleers batting - Pitching for University of Minnesota Golden Gophers : RHP Luis Ibarra
|
Now at SS: Farakiko Haunani
|
|
Now in RF: Roy Evenden
|
|
Batting: RHB Chris McDaniel
|
0-0: Foul Ball, location: 2F 0-1: Ball 1-1: Foul Ball, location: 2F 1-2: Foul Ball, location: 2F 1-2: Foul Ball, location: 2F 1-2: Ball 2-2: SOLO HOME RUN (Flyball, 7D, EV 105.0 MPH), Distance : 408 ft
|
Batting: RHB Johnnie Cowan
|
0-0: Ground out 2-3 (Groundball, 2L, EV 75.0 MPH)
|
Pinch Hitting: RHB Tristan Williams
|
0-0: Called Strike 0-1: Ball 1-1: Swinging Strike 1-2: Foul Ball, location: 2F 1-2: Fly out, F7 (Line Drive, 7, EV 96.9 MPH)
|
Batting: RHB Tristan Walsh
|
0-0: Ball 1-0: Called Strike 1-1: Ball 2-1: Ball 3-1: Foul Ball, location: 2F 3-2: Foul Ball, location: 2F 3-2: Base on Balls
|
Batting: LHB Justin Sanders
|
0-0: Called Strike 0-1: Foul Ball, location: 2F 0-2: Ball 1-2: Foul Ball, location: 2F 1-2: Ball 2-2: Ball 3-2: Base on Balls Tristan Walsh to second
|
Batting: RHB Ferri Casteleijn
|
0-0: Called Strike 0-1: Ball 1-1: Fly out, F8 (Line Drive, 8LM, EV 91.9 MPH)
|
Bottom of the 5th over - 1 run, 1 hit, 0 errors, 2 left on base; University of Minnesota 2 - Coastal Carolina University 4 |
TOP OF THE 6TH |
University of Minnesota Golden Gophers batting - Pitching for Coastal Carolina University Chanticleers : RHP Danny Wood
|
Now in LF: Tristan Williams
|
|
Pinch Hitting: RHB Jarrod Strickhouser
|
0-0: Ball 1-0: Ball 2-0: SINGLE (Groundball, 6S, EV 73.8 MPH) (infield hit)
|
Pinch Hitting: LHB Jose Moncada
|
0-0: Swinging Strike 0-1: Ball 1-1: Ball 2-1: Ball 3-1: Foul Ball, location: 2F 3-2: Strikes out looking
|
Batting: RHB Jason Mooris
|
0-0: Swinging Strike 0-1: Foul Ball, location: 2F 0-2: Hit by Pitch Jarrod Strickhouser to second
|
Batting: LHB Bobby Agterberg
|
0-0: Ball 1-0: Swinging Strike 1-1: Grounds into double play, 6-4-3 (Groundball, 6M, EV 78.1 MPH)
|
Top of the 6th over - 0 runs, 1 hit, 0 errors, 1 left on base; University of Minnesota 2 - Coastal Carolina University 4 |
BOTTOM OF THE 6TH |
Coastal Carolina University Chanticleers batting - Pitching for University of Minnesota Golden Gophers : RHP Luis Ibarra
|
Pitching: RHP Dan Lupo
|
|
Now at 1B: Jose Moncada
|
|
Now in LF: Alex Villa
|
|
Now in CF: Jarrod Strickhouser
|
|
Batting: RHB Justin Klein
|
0-0: Ball 1-0: Ball 2-0: Called Strike 2-1: Fly out, F3 (Flyball, 34D, EV 89.4 MPH)
|
Pinch Hitting: RHB Isaac Washington
|
0-0: Fly out, F7 (Flyball, 7S, EV 78.8 MPH)
|
Batting: RHB Fernando Tovar
|
0-0: Ball 1-0: Swinging Strike 1-1: Foul Ball, location: 2F 1-2: Ball 2-2: Fly out, F9 (Flyball, 9S, EV 78.1 MPH)
|
Bottom of the 6th over - 0 runs, 0 hits, 0 errors, 0 left on base; University of Minnesota 2 - Coastal Carolina University 4 |
TOP OF THE 7TH |
University of Minnesota Golden Gophers batting - Pitching for Coastal Carolina University Chanticleers : RHP Danny Wood
|
Pitching: RHP Tetsuaki Nakamura
|
|
Now at 3B: Kevin Lech
|
|
Now at SS: Isaac Washington
|
|
Pinch Hitting: LHB Gabe Cothron
|
0-0: Called Strike 0-1: Ball 1-1: Swinging Strike 1-2: Strikes out swinging
|
Batting: RHB Tatsuyoshi Ikeda
|
0-0: Foul Ball, location: 2F 0-1: Foul Ball, location: 2F 0-2: Foul Ball, location: 2F 0-2: Ball 1-2: Strikes out swinging
|
Pitching: LHP David Medina
|
|
Pinch Hitting: RHB Dave Uttley
|
0-0: Called Strike 0-1: Fly out, F9 (Flyball, 9, EV 79.4 MPH)
|
Top of the 7th over - 0 runs, 0 hits, 0 errors, 0 left on base; University of Minnesota 2 - Coastal Carolina University 4 |
BOTTOM OF THE 7TH |
Coastal Carolina University Chanticleers batting - Pitching for University of Minnesota Golden Gophers : RHP Dan Lupo
|
Now at 2B: Ron Gooch
|
|
Now at 3B: Ozzie Buendia
|
|
Now at SS: Tatsuyoshi Ikeda
|
|
Now in LF: Dave Uttley
|
|
Batting: RHB Chris McDaniel
|
0-0: Fly out, F3 (Popup, 3SF, EV 80.0 MPH)
|
Batting: RHB Johnnie Cowan
|
0-0: Called Strike 0-1: Ground out 6-3 (Groundball, 6, EV 80.0 MPH)
|
Batting: RHB Tristan Williams
|
0-0: TRIPLE (Flyball, 7D, EV 86.2 MPH)
|
Batting: LHB Kevin Lech
|
0-0: Fly out, F9 (Flyball, 89S, EV 91.9 MPH)
|
Bottom of the 7th over - 0 runs, 1 hit, 0 errors, 1 left on base; University of Minnesota 2 - Coastal Carolina University 4 |
TOP OF THE 8TH |
University of Minnesota Golden Gophers batting - Pitching for Coastal Carolina University Chanticleers : LHP David Medina
|
Pitching: RHP Dorian Sander
|
|
Now at 3B: Tristan Williams
|
|
Now in LF: Alex Montiel
|
|
Pinch Hitting: LHB Ivan Villegas
|
0-0: Called Strike 0-1: Ball 1-1: Ground out 4-3 (Groundball, 4, EV 86.2 MPH)
|
Batting: RHB Ron Gooch
|
0-0: Called Strike 0-1: Called Strike 0-2: Fly out, F7 (Flyball, 7, EV 83.1 MPH)
|
Batting: RHB Jarrod Strickhouser
|
0-0: Ground out U3 (Groundball, 3, EV 93.8 MPH)
|
Top of the 8th over - 0 runs, 0 hits, 0 errors, 0 left on base; University of Minnesota 2 - Coastal Carolina University 4 |
BOTTOM OF THE 8TH |
Coastal Carolina University Chanticleers batting - Pitching for University of Minnesota Golden Gophers : RHP Dan Lupo
|
Pitching: LHP Ryan Hancock
|
|
Now in RF: Ivan Villegas
|
|
Batting: LHB Justin Sanders
|
0-0: Foul Ball, location: 2F 0-1: Called Strike 0-2: Strikes out looking
|
Batting: RHB Ferri Casteleijn
|
0-0: Ball 1-0: Fly out, F3 (Line Drive, 3L, EV 65.0 MPH)
|
Batting: RHB Justin Klein
|
0-0: Fly out, F8 (Flyball, 89M, EV 79.4 MPH)
|
Bottom of the 8th over - 0 runs, 0 hits, 0 errors, 0 left on base; University of Minnesota 2 - Coastal Carolina University 4 |
TOP OF THE 9TH |
University of Minnesota Golden Gophers batting - Pitching for Coastal Carolina University Chanticleers : RHP Dorian Sander
|
Pitching: LHP Rich Holliday
|
|
Batting: LHB Jose Moncada
|
0-0: Foul Ball, location: 2F 0-1: Called Strike 0-2: Fly out, F7 (Flyball, 78S, EV 90.0 MPH)
|
Pinch Hitting: RHB Bing Loh
|
0-0: Called Strike 0-1: Swinging Strike 0-2: Ball 1-2: Strikes out swinging
|
Batting: RHB Mike Satterfield
|
0-0: Ball 1-0: Ground out 5-3 (Groundball, 56, EV 87.5 MPH)
|
Top of the 9th over - 0 runs, 0 hits, 0 errors, 0 left on base; University of Minnesota 2 - Coastal Carolina University 4 |
|